Map: 애씨드 플랜트 - 래더

Players

Impact - Winner!

  • Race: Zerg Zerg
  • Spawn Location: 5:00

Neeb

  • Race: Protoss Protoss
  • Spawn Location: 11:00

Event: IEM Season 12 - Katowice

VOD

Have the link to the VOD?

Description

Time

  • Played on: March 2, 2018, 10:37 a.m.
  • Length: 10:34

All games in this series

Show
View Real Time Build Order
Export as new Build Order

Impact Zerg - Winner!

Build Orders: Hatch First, Muta Ling Bane 

Get SALT Encoding   

  12  0:01  Drone  
  13  0:13  Overlord  
  13  0:18  Drone  
  14  0:31  Drone x2  
  14  0:35  Drone  
  17  0:52  Hatchery  
  17  0:55  Drone  
  17  0:58  Drone  
  18  1:08  Extractor  
  17  1:13  Spawning Pool  
  17  1:15  Drone  
  17  1:19  Drone  
  18  1:29  Drone  
  19  1:39  Drone  
  20  1:48  Hatchery  
  20  1:52  Drone  
  20  2:02  Drone  
  20  2:04  Queen, Zergling x2  
  24  2:11  Metabolic Boost  
  24  2:18  Overlord  
  24  2:22  Zergling x2  
  25  2:25  Zergling x2  
  25  2:26  Drone  
  27  2:34  Drone  
  28  2:37  Drone  
  28  2:41  Queen  
  31  2:44  Zergling x2  
  31  2:47  Zergling x2  
  33  2:56  Drone  
  34  2:59  Drone  
  34  3:00  Queen  
  34  3:01  Drone  
  38  3:06  Overlord  
  38  3:09  Drone  
  38  3:11  Drone  
  38  3:12  Drone  
  41  3:13  Drone  
  41  3:26  Drone x2  
  41  3:31  Drone x3  
  41  3:32  Drone  
  41  3:33  Spore Crawler  
  42  3:36  Spore Crawler  
  42  3:40  Spore Crawler  
  40  3:42  Drone  
  40  3:45  Drone  
  40  3:47  Drone  
  43  3:49  Drone  
  43  3:52  Overlord  
  44  4:00  Drone x2  
  44  4:01  Drone  
  47  4:02  Drone  
  47  4:05  Extractor x2  
  47  4:06  Drone x2  
  47  4:10  Drone x2  
  47  4:13  Queen  
  52  4:17  Overlord  
  52  4:22  Overlord  
  52  4:31  Lair  
  52  4:36  Zergling x12  
  57  4:39  Overlord  
  57  4:41  Zergling x2  
  57  4:42  Zergling x2  
  57  4:43  Drone  
  60  4:47  Drone  
  60  4:48  Drone  
  60  4:49  Drone  
  62  4:53  Drone  
  62  4:55  Drone  
  62  4:58  Drone x2  
  65  5:00  Drone  
  65  5:01  Drone x3  
  65  5:02  Extractor  
  65  5:04  Drone  
  69  5:07  Roach Warren  
  69  5:10  Drone  
  69  5:12  Drone  
  70  5:14  Drone  
  70  5:18  Evolution Chamber  
  70  5:20  Overlord x2  
  70  5:23  Drone  
  70  5:24  Drone  
  70  5:25  Drone  
  70  5:27  Drone  
  74  5:32  Overlord x2  
  74  5:38  Spire  
  74  5:39  Overseer  
  74  5:41  Extractor  
  74  5:42  Drone  
  73  5:43  Extractor  
  73  5:48  Zergling x2  
  73  5:49  Zergling x10  
  77  5:51  Zerg Missile Weapons Level 1, Zergling x6  
  77  5:55  Glial Reconstitution  
  80  5:59  Roach x3  
  80  6:01  Roach  
  88  6:06  Roach x2  
  88  6:08  Roach  
  90  6:15  Drone x2  
  90  6:16  Drone  
  90  6:18  Zergling x2  
  85  6:21  Zergling x2  
  81  6:27  Drone  
  81  6:29  Drone x3  
  81  6:32  Drone  
  86  6:33  Extractor, Zergling x2  
  86  6:41  Overlord x2  
  86  6:44  Hatchery  
  84  6:48  Spore Crawler  
  84  6:49  Spore Crawler  
  79  6:54  Mutalisk x4  
  79  6:56  Queen  
  79  6:57  Mutalisk  
  79  7:01  Drone x3  
  95  7:08  Mutalisk, Baneling Nest  
  98  7:10  Drone  
  98  7:11  Drone x2  
  98  7:12  Drone x2  
  98  7:13  Drone  
  98  7:14  Overlord  
  103  7:19  Mutalisk  
  103  7:22  Extractor, Mutalisk  
  107  7:27  Extractor  
  107  7:28  Drone x3  
  109  7:30  Drone x2  
  109  7:36  Drone, Zergling x8  
  116  7:37  Hydralisk Den  
  116  7:41  Roach  
  117  7:45  Zergling x2  
  117  7:48  Zergling x2  
  119  7:51  Zergling x2  
  119  7:55  Overlord x3  
  119  7:56  Overlord  
  121  7:58  Drone x2  
  121  8:00  Centrifical Hooks  
  121  8:03  Baneling x10  
  121  8:09  Grooved Spines  
  121  8:15  Baneling x2  
  121  8:16  Baneling x3, Hydralisk x2  
  121  8:17  Zergling x4  
  121  8:18  Zergling x8  
  121  8:19  Hydralisk  
  131  8:20  Zergling x4  
  131  8:24  Hydralisk, Zergling x2  
  131  8:25  Zergling x4  
  131  8:26  Hydralisk  
  140  8:29  Hydralisk  
  140  8:30  Hydralisk  
  140  8:34  Baneling x3  
  146  8:35  Zergling x2  
  146  8:37  Zergling x2  
  146  8:40  Hydralisk  
  146  8:41  Overlord  
  150  8:46  Overlord  
  150  8:48  Hydralisk  
  150  8:54  Hydralisk, Zergling x2  
  150  8:55  Zergling x4  
  155  8:57  Hydralisk  
  155  8:58  Zergling x6  
  155  9:02  Drone x5  
  163  9:04  Baneling  
  163  9:05  Baneling x2, Zergling x2  
  163  9:07  Zergling x2  
  163  9:09  Baneling  
  165  9:10  Baneling x7  
  165  9:11  Hydralisk  
  157  9:19  Hydralisk x2  
  157  9:20  Zergling x10, Muscular Augments  
  157  9:21  Hydralisk, Zergling x2  
  157  9:22  Baneling x7  
  162  9:27  Hydralisk  
  162  9:28  Zergling x4  
  149  9:31  Hydralisk  
  149  9:32  Zergling x4  
  149  9:33  Hydralisk  
  149  9:34  Zergling x2  
  136  9:39  Hydralisk  
  136  9:40  Zergling x2  
  136  9:43  Hydralisk  
  129  9:46  Hydralisk x2  
  129  9:48  Baneling x7, Hydralisk  
  129  9:52  Baneling x4  
  135  9:54  Hydralisk  
  135  9:55  Zergling x2  
  135  9:56  Baneling  
  135  9:57  Zergling x2  
  135  9:59  Zergling x2  
  140  10:00  Baneling x3  
  140  10:07  Hydralisk  
  140  10:08  Zergling x2  
  140  10:12  Zergling x2  
Show
View Real Time Build Order
Export as new Build Order

Neeb Protoss 

Build Orders: 1 Gate Expand, Oracle Opening, Phoenix Opening, Archon Immortal 

Get SALT Encoding   

  12  0:01  Probe  
  13  0:13  Probe  
  14  0:18  Pylon  
  14  0:25  Probe  
  15  0:32  Assimilator  
  15  0:38  Probe (Chrono Boost)  
  16  0:44  Gateway  
  16  0:49  Probe (Chrono Boost)  
  17  0:54  Probe (Chrono Boost)  
  18  1:05  Probe  
  19  1:17  Probe  
  20  1:24  Nexus  
  20  1:33  Cybernetics Core  
  20  1:36  Probe  
  21  1:42  Assimilator  
  21  1:49  Probe  
  21  1:51  Pylon  
  22  2:01  Probe  
  23  2:07  Adept (Chrono Boost)  
  23  2:12  Stargate  
  23  2:14  Probe  
  26  2:22  Warp Gate  
  26  2:25  Adept (Chrono Boost)  
  26  2:26  Probe  
  29  2:36  Probe (Chrono Boost)  
  31  2:44  Adept, Probe (Chrono Boost)  
  31  2:47  Probe (Chrono Boost)  
  35  2:51  Probe x2 (Chrono Boost)  
  36  2:59  Oracle (Chrono Boost)  
  36  3:02  Probe  
  36  3:03  Probe  
  41  3:09  Gateway  
  41  3:18  Probe, Gateway  
  42  3:20  Probe  
  43  3:31  Probe  
  43  3:32  Probe  
  43  3:35  Phoenix (Chrono Boost)  
  43  3:38  Pylon  
  43  3:43  Probe  
  44  3:52  Assimilator  
  44  3:54  Oracle (Chrono Boost)  
  45  3:56  Adept, Assimilator  
  45  3:57  Shield Battery  
  45  3:58  Probe  
  45  3:59  Probe  
  51  4:04  Pylon  
  51  4:10  Probe  
  51  4:11  Probe  
  51  4:12  Twilight Council  
  53  4:21  Pylon  
  53  4:22  Probe  
  53  4:23  Probe  
  55  4:31  Adept x3  
  61  4:34  Probe  
  61  4:37  Pylon  
  62  4:39  Probe  
  63  4:49  Nexus  
  63  4:50  Probe  
  64  4:54  Resonating Glaives (Chrono Boost)  
  64  4:59  Adept  
  67  5:05  Adept x2  
  67  5:06  Probe  
  67  5:07  Probe  
  69  5:12  Pylon  
  69  5:20  Probe  
  70  5:21  Probe  
  70  5:24  Adept  
  70  5:25  Adept x2  
  77  5:29  Pylon  
  77  5:32  Probe  
  77  5:33  Probe  
  79  5:41  Robotics Facility  
  79  5:43  Robotics Facility  
  79  5:45  Probe  
  79  5:48  Sentry  
  79  5:49  Sentry x2  
  86  5:52  Probe  
  87  5:58  Probe  
  89  6:04  Probe  
  89  6:05  Probe  
  89  6:10  Probe  
  89  6:16  Probe, Adept, Sentry x2  
  89  6:17  Probe  
  91  6:22  Probe  
  78  6:28  Probe, Immortal x2 (Chrono Boost)  
  78  6:29  Probe  
  78  6:30  Pylon  
  88  6:34  Probe  
  88  6:37  Pylon, Assimilator  
  88  6:38  Assimilator  
  88  6:39  Forge  
  89  6:57  Immortal (Chrono Boost)  
  89  6:58  Immortal (Chrono Boost)  
  97  7:01  Gateway  
  97  7:05  Gateway  
  97  7:07  Gateway  
  97  7:09  Pylon  
  97  7:11  Protoss Ground Weapons Level 1 (Chrono Boost), Gateway  
  97  7:12  Charge (Chrono Boost)  
  97  7:13  Gateway x2  
  97  7:19  Probe  
  97  7:21  Gateway  
  99  7:27  Probe x2, Templar Archives  
  100  7:32  Warp Prism (Chrono Boost)  
  100  7:34  Observer (Chrono Boost)  
  103  7:37  Zealot  
  103  7:38  Zealot x2  
  106  7:59  Phoenix (Chrono Boost), Photon Cannon  
  106  8:02  Stalker x6  
  111  8:18  Stalker x4  
  117  8:21  Phoenix (Chrono Boost)  
  119  8:33  High Templar x4  
  127  8:34  Zealot x2  
  127  8:39  Archon  
  131  8:42  Archon  
  131  8:46  Zealot  
  131  8:53  Zealot  
  133  9:02  Pylon  
  130  9:03  Pylon x2  
  130  9:04  Photon Cannon x2, Shield Battery  
  130  9:07  Zealot  
  120  9:22  Zealot x8  
  120  9:23  Zealot  
  94  9:40  Zealot  
  94  9:44  Immortal (Chrono Boost)  
  81  9:45  Probe  
  81  9:46  High Templar x2  
  81  9:47  High Templar x3  
  81  9:48  Sentry, High Templar  
  81  9:49  Zealot x3  
  81  9:52  Archon  
  99  9:53  Archon  
  99  9:57  Archon  
  99  10:04  Nexus  
  99  10:05  Immortal (Chrono Boost)  
  92  10:15  Zealot  
  92  10:16  Zealot x2  
  92  10:20  Zealot x2  
  86  10:21  Zealot x2  
  86  10:22  Zealot x3  

Tags
 
Add a new tag
Caveats
  • Supply blocks, unpowered buildings, or Contaminate may cause inaccurate times.
  • Supply counts are checked every 10 seconds.